 Dungeon Crawl Stone Soup version 0.25-a0-285-gcba6f664f8 (webtiles) character file.

Game seed: 4907803910779891329, levelgen mode: deterministic

221 floatRand the Ruffian (level 5, -18/41 HPs)
             Began as a Ghoul Warper on Dec 11, 2019.
             Blown up by a hobgoblin (30 damage)
             ... with a disintegration bolt
             ... on level 3 of the Dungeon.
             The game lasted 00:03:29 (3213 turns).

floatRand the Ruffian (Ghoul Warper)                Turns: 3213, Time: 00:03:30

Health: -18/41     AC:  4    Str: 15    XL:     5   Next: 98%
Magic:  6/6        EV: 13    Int:  8    God:
Gold:   156        SH:  0    Dex:  9    Spells: 7/7 levels left

rFire    . . .     SeeInvis .     - Unarmed
rCold    + . .     Gourm    .   (no shield)
rNeg     + + +     Faith    .   a - +0 leather armour
rPois    ∞         Spirit   .   q - +0 helmet
rElec    .         Reflect  .   (no cloak)
rCorr    +         Harm     .   (no gloves)
MR       .....                  (no boots)
Stlth    +.........             (no amulet)
HPRegen  0.00/turn              p - ring of resist corrosion
MPRegen  0.10/turn              t - +2 ring of evasion

@: rotting
A: rotting body, claws 1, carnivore, cold resistance 1, negative energy
resistance 3, inhibited regeneration, torment resistance, unbreathing
a: no special abilities


You were on level 3 of the Dungeon.
You were not hungry.

You visited 1 branch of the dungeon, and saw 3 of its levels.

You collected 156 gold pieces.

Inventory:

Missiles
 d - 5 boomerangs of dispersal (quivered)
 i - 8 atropa-tipped darts
 j - 5 silver boomerangs
 o - 10 poisoned darts
Armour
 a - a +0 leather armour (worn)
 q - a +0 helmet (worn)
Jewellery
 p - a ring of resist corrosion (left claw)
 t - a +2 ring of evasion (right claw)
Scrolls
 b - a scroll of fear {unknown}
 c - a scroll of blinking
 e - a scroll of enchant armour {unknown}
 g - 2 scrolls of amnesia {unknown}
 h - a scroll of immolation {unknown}
 k - 3 scrolls of remove curse {unknown}
 l - a scroll of magic mapping {unknown}
 m - 2 scrolls of identify {unknown}
 s - a scroll of teleportation {unknown}
Potions
 n - a potion of invisibility {unknown}
 u - a potion of curing {unknown}
Comestibles
 f - 4 rations
 r - 2 chunks of flesh


   Skills:
 - Level 2.1 Fighting
 - Level 0.8 Throwing
 - Level 0.8 Armour
 - Level 1.7 Dodging
 + Level 6.6 Unarmed Combat
 - Level 1.7 Spellcasting
   Level 2.6 Translocations


You had 7 spell levels left.
You didn't know any spells.
Your spell library contained the following spells:

 Spells                   Type           Power        Failure   Level  Hunger
 Blink                    Tloc           N/A          22%         2    ###....
 Shroud of Golubria       Chrm/Tloc      #.....       36%         2    ###....
 Gell's Gravitas          Tloc           #.........   41%         3    ####...
 Lesser Beckoning         Tloc           #.........   41%         3    ####...
 Teleport Other           Tloc           #.......     41%         3    ####...
 Passage of Golubria      Tloc           N/A          83%         4    #####..


Dungeon Overview and Level Annotations

Branches:
Dungeon (3/15)

Altars:
Dithmenos
Hepliaklqana


Innate Abilities, Weirdness & Mutations

Your body is rotting away.
You thrive on raw meat.
You are immune to poison.
You have sharp fingernails.
You are carnivorous and can eat meat at any time.
Your flesh is cold resistant. (rC+)
You are immune to negative energy. (rN+++)
You do not regenerate when monsters are visible.
You are immune to unholy pain and torment.
You can survive without breathing.


Message History

Found a stone staircase leading up.
u - an inky potion
p - a ring of resist corrosion (left claw)
t - a +2 ring of evasion (right claw)
Found a pair of gloves.
A hobgoblin comes into view.
It is carrying a wand of disintegration (12).
The hobgoblin shouts!
The hobgoblin zaps a wand.
You are blasted!
Ouch! That really hurt!
* * * LOW HITPOINT WARNING * * *
A hobgoblin is nearby!
A hobgoblin is nearby!
Unknown command.
A quokka comes into view.
The hobgoblin drinks a potion.
The hobgoblin suddenly seems more agile.
The quokka moves out of view.
The hobgoblin zaps a wand.
You are blasted!
Ouch! That really hurt!
You die...

....... (.....#
## ....... #[.
....g.# #.#
....r #.# ...
###.###.#
#.....@.#
#.......#
#.......###
#...........
##.......####
##........#
##.........#
#..#.......# #
#.##.########..


You could see a quokka and a hobgoblin.

Vanquished Creatures
  An orc wizard (D:3)
  Terence (D:2)
  A worker ant (D:3)
  Robin (D:2)
  4 gnolls
  An adder (D:2)
  2 worms
  3 dart slugs
  2 leopard geckos
  2 orcs (D:3)
  A ball python (D:1)
  7 bats
  2 giant cockroaches
  10 goblins
  9 hobgoblins
  13 kobolds
  A quokka (D:2)
  2 frilled lizards
  9 rats
  A bush (D:1)
73 creatures vanquished.

Notes
Turn   | Place    | Note
-------+----------+-------------------------------------------
     0 | D:1      | floatRand the Ghoul Warper began the quest for the Orb.
     0 | D:1      | Reached XP level 1. HP: 17/17 MP: 2/2
    50 | D:1      | Reached XP level 2. HP: 21/24 MP: 3/3
    77 | D:1      | Reached skill level 3 in Unarmed Combat
   336 | D:1      | Reached XP level 3. HP: 18/28 MP: 4/4
   648 | D:1      | Reached skill level 4 in Unarmed Combat
  1268 | D:2      | Noticed Terence
  1289 | D:2      | Killed Terence
  1289 | D:2      | Reached XP level 4. HP: 22/36 MP: 5/5
  1456 | D:2      | Reached skill level 5 in Unarmed Combat
  2026 | D:2      | Noticed Robin
  2059 | D:2      | Killed Robin
  2059 | D:2      | Reached XP level 5. HP: 19/41 MP: 6/6
  2319 | D:2      | Found a hazy altar of Hepliaklqana.
  2567 | D:2      | Reached skill level 6 in Unarmed Combat
  3179 | D:3      | Found a shadowy altar of Dithmenos.
  3213 | D:3      | Blown up by a hobgoblin

Levels and vault maps discovered:
D:1:      dpeg_arrival_arbitrary_b, layout_basic, lexackson_kobold_supper
D:2:      layout_basic, old_standard_altar, uniq_robin, uniq_terence
D:3:      layout_rooms, nicolae_dithmenos_through_a_glass_darkly,
          grunt_gozag_breadcrumbs, makhleb_blood_cavern_becter

Skill      XL: |  1  2  3  4  5 |
---------------+----------------+-----
Unarmed Combat | 3 4 5 6 |  6.6
Fighting       | |  2.1
Throwing       | |  0.8
Armour         | |  0.8
Dodging        | |  1.7
Spellcasting   | |  1.7
Translocations | |  2.6

Action                   |  1- 3 |  4- 6 || total
-------------------------+-------+-------++-------
Melee: Unarmed           |   189 |   121 ||   310
       Punch             |     6 |     1 ||     7
  Use: Potion            |       |     1 ||     1
  Eat: Chunk             |     5 |     8 ||    13
Armor: Leather armour    |    36 |    27 ||    63
Dodge: Dodged            |    81 |    59 ||   140

Table legend:
 A = Non-vault XP
 B = Vault XP
 C = Vault XP percentage of total XP
 D = Non-vault monster count
 E = Vault monster count
 F = Vault count percentage of total count
                 A         B        C        D         E       F
            +---------+---------+-------+---------+---------+-------
      Total |     232 |      85 |  26.8 |      52 |      20 |  27.8
            +---------+---------+-------+---------+---------+-------
        D:1 |      59 |      14 |  19.2 |      27 |       8 |  22.9
        D:2 |      88 |      71 |  44.7 |      20 |      12 |  37.5
        D:3 |      85 |       0 |   0.0 |       5 |       0 |   0.0
            +---------+---------+-------+---------+---------+-------
